 Dungeon Crawl Stone Soup version 0.25-a0-294-gea9b1ad378 (webtiles) character file.

Game seed: 16101812394719956187, levelgen mode: deterministic

1010 roguesci the Cleaver (level 8, -2/70 HPs)
             Began as a Hill Orc Fighter on Dec 18, 2019.
             Slain by a gnoll
             ... wielding a cursed -2 halberd
              (8 damage)
             ... on level 5 of the Dungeon.
             The game lasted 00:06:12 (5144 turns).

roguesci the Cleaver (Hill Orc Fighter)             Turns: 5144, Time: 00:06:13

Health: -2/70      AC: 13    Str: 21    XL:     8   Next: 21%
Magic:  8/8        EV:  6    Int:  8    God:
Gold:   298        SH:  9    Dex: 10    Spells: 7/7 levels left

rFire    . . .     SeeInvis .   a - +0 war axe
rCold    . . .     Gourm    .   c - +0 shield
rNeg     . . .     Faith    .   l - +0 chain mail (curse)
rPois    .         Spirit   .   o - +0 helmet
rElec    .         Reflect  .   k - +0 cloak
rCorr    +         Harm     .   (no gloves)
MR       .....                  g - +0 pair of boots
Stlth    ..........             (no amulet)
HPRegen  0.21/turn              b - ring of resist corrosion
MPRegen  0.11/turn              (no ring)

@: no status effects
A: no striking features
a: no special abilities


You were on level 5 of the Dungeon.
You were very hungry.

You visited 1 branch of the dungeon, and saw 6 of its levels.

You collected 298 gold pieces.

Inventory:

Hand Weapons
 a - a +0 war axe (weapon)
Missiles
 j - 201 stones (quivered)
Armour
 c - a +0 shield (worn)
 g - a +0 pair of boots (worn)
 k - a +0 cloak (worn)
 l - a cursed +0 chain mail (worn)
 o - a +0 helmet (worn)
Jewellery
 b - a ring of resist corrosion (left hand)
 p - an uncursed amulet of guardian spirit
Wands
 x - a wand of flame (14)
Scrolls
 d - 5 scrolls of teleportation {unknown}
 e - 5 scrolls of magic mapping {unknown}
 h - 4 scrolls of remove curse {unknown}
 i - 5 scrolls of identify {unknown}
 q - a scroll of enchant armour {unknown}
 s - 2 scrolls of fear {unknown}
 v - a scroll of blinking {unknown}
 y - a scroll of amnesia {unknown}
 A - a scroll of acquirement {unknown}
Potions
 m - a potion of cancellation
 n - a potion of mutation {unknown}
 r - 2 potions of curing {unknown}
 t - 2 potions of agility {unknown}
 u - a potion of heal wounds {unknown}
 w - a potion of degeneration {unknown}
 z - a potion of flight {unknown}
Comestibles
 f - 11 rations


   Skills:
 + Level 5.8 Fighting
 * Level 9.0 Axes
 * Level 5.5 Armour
 - Level 1.0 Dodging
 + Level 0.5 Stealth
 + Level 4.4 Shields


You had 7 spell levels left.
You didn't know any spells.
Your spell library was empty.

Dungeon Overview and Level Annotations

Branches:
Dungeon (6/15)
 Temple: D:4-7

Altars:
Fedhas
Nemelex Xobeh
Ru
Vehumet

Annotations:
D:4 2 runed translucent doors
D:6 exclusion: oklob plant


Message History

The orc wizard hits you but does no damage.
It was a potion of cancellation.
Your magical effects are unravelling.
You feel magically purged.
You feel yourself speed up.
The orc wizard hits you but does no damage.
The gnoll hits you but does no damage. You block the ogre's attack.
The orc wizard points at you and mumbles some strange words.
The magic dart hits you.
The gnoll hits you with a cursed -2 halberd.
* * * LOW HITPOINT WARNING * * *
Your shield prevents you from hitting the ogre.
The ogre is heavily wounded.
You closely miss the gnoll. You slash the orc wizard!
The orc wizard points at you and mumbles some strange words.
The magic dart hits you but does no damage.
The ogre hits you with a +0 giant spiked club!
* * * LOW HITPOINT WARNING * * *
The gnoll hits you with a cursed -2 halberd!
You die...

#........#
#........#
#........#
##.......#
#........##
##.........#
##..........#
.......†....#
#.##..O@)...#
#. #..go....#
#........#
#........#
..........#
.##.......##
. #.......#
#.!.....#


You could see an ogre, an orc wizard and a gnoll.

Vanquished Creatures
  Grinder (D:4)
  Eustachio (D:4)
  A centaur (D:6)
  A wyvern skeleton (D:6)
  A crimson imp (D:3)
  A hound (D:6)
  A jelly (D:6)
  An orc priest (D:4)
  3 orc wizards
  A centaur skeleton (D:4)
  An iguana (D:5)
  3 worker ants
  2 gnolls (D:5)
  9 adders
  2 oozes (D:1)
  An adder skeleton (D:5)
  An adder zombie (D:5)
  A worm (D:3)
  5 leopard geckos
  16 orcs
  5 giant cockroaches
  6 goblins
  7 hobgoblins
  18 jackals
  2 quokkas (D:5)
  3 bats
  3 frilled lizards
  6 kobolds
  A quokka skeleton (D:3)
  A quokka zombie (D:5)
  4 rats
109 creatures vanquished.

Notes
Turn   | Place    | Note
-------+----------+-------------------------------------------
     0 | D:1      | roguesci the Hill Orc Fighter began the quest for the Orb.
     0 | D:1      | Reached XP level 1. HP: 19/19 MP: 1/1
    44 | D:1      | Reached XP level 2. HP: 25/27 MP: 2/2
   395 | D:1      | Reached skill level 3 in Axes
   503 | D:1      | Reached XP level 3. HP: 32/33 MP: 3/3
  1240 | D:2      | Reached XP level 4. HP: 40/40 MP: 4/4
  1255 | D:2      | Reached skill level 4 in Axes
  1292 | D:2      | Reached skill level 1 in Dodging
  1292 | D:2      | Reached XP level 5. HP: 18/47 MP: 5/5
  2138 | D:2      | Found a sacrificial altar of Ru.
  2192 | D:3      | Reached skill level 5 in Axes
  2649 | D:3      | Reached XP level 6. HP: 48/53 MP: 6/6
  3012 | D:3      | You fall into a shaft and drop 3 floors!
  3022 | D:6      | Reached skill level 6 in Axes
  3253 | D:6      | Reached skill level 5 in Fighting
  3343 | D:6      | Found a blossoming altar of Fedhas.
  3364 | D:6      | Noticed an oklob plant
  3413 | D:6      | Reached skill level 5 in Armour
  3413 | D:6      | Reached XP level 7. HP: 61/61 MP: 7/7
  3429 | D:5      | Entered Level 5 of the Dungeon
  3583 | D:4      | Noticed Grinder
  3589 | D:4      | Reached skill level 7 in Axes
  3590 | D:4      | Noticed Eustachio
  3600 | D:4      | Killed Grinder
  3608 | D:4      | Killed Eustachio
  3608 | D:4      | Reached skill level 8 in Axes
  4029 | D:3      | Found a radiant altar of Vehumet.
  4049 | D:3      | Reached XP level 8. HP: 65/68 MP: 8/8
  4643 | D:4      | Found a large runed translucent door.
  4644 | D:4      | Found a large runed translucent door.
  4724 | D:4      | You fall into a shaft and drop 2 floors!
  4760 | D:5      | Found a sparkling altar of Nemelex Xobeh.
  5047 | D:5      | Reached skill level 9 in Axes
  5144 | D:5      | Slain by a gnoll

Levels and vault maps discovered:
D:1:      dpeg_arrival_boxorama, layout_loops_ring, roderic_lattice_a,
          minmay_pentomino_o4
D:2:      layout_basic, hangedman_ru_absence, first_ration
D:3:      layout_basic, vehumet_crystals, minmay_misc_feat_tiny,
          lemuel_statue_altar
D:4:      minmay_chambers_of_fours, layout_cave_pools,
          ebering_ghost_disaster_area, uniq_grinder, uniq_eustachio
D:5:      layout_cave_pods, lemuel_crystal_altar, minmay_misc_feat_pillars,
          minmay_diced_spiral
D:6:      layout_gridville, tgw_fedhas, chequers_temple_overflow_minitemple,
          serial_shops, nicolae_shop_stone, minmay_fractal_squares_5

Skill      XL: |  1  2  3  4  5  6  7  8 |
---------------+-------------------------+-----
Fighting       | 4 5 |  5.8
Axes           | 3 4 5 6 8 9 |  9.0
Armour         | 4 5 |  5.5
Dodging        | 1 |  1.0
Shields        | 4 |  4.4
Stealth        | |  0.5

Action                   |  1- 3 |  4- 6 |  7- 9 || total
-------------------------+-------+-------+-------++-------
Melee: War axe           |   106 |   148 |   146 ||   400
  Use: Potion            |       |     1 |     1 ||     2
  Eat: Chunk             |       |     7 |     6 ||    13
Armor: Scale mail        |    43 |       |       ||    43
       Chain mail        |    34 |    90 |    78 ||   202
Dodge: Dodged            |    33 |    34 |    39 ||   106
Block: Shield            |    54 |    89 |    80 ||   223

Table legend:
 A = Non-vault XP
 B = Vault XP
 C = Vault XP percentage of total XP
 D = Non-vault monster count
 E = Vault monster count
 F = Vault count percentage of total count
                 A         B        C        D         E       F
            +---------+---------+-------+---------+---------+-------
      Total |     982 |     461 |  31.9 |     103 |       6 |   5.5
            +---------+---------+-------+---------+---------+-------
        D:1 |      34 |       5 |  12.8 |      14 |       3 |  17.6
        D:2 |     154 |       0 |   0.0 |      22 |       0 |   0.0
        D:3 |     195 |       0 |   0.0 |      28 |       0 |   0.0
        D:4 |     153 |     454 |  74.8 |      19 |       2 |   9.5
        D:5 |     137 |       2 |   1.4 |      14 |       1 |   6.7
        D:6 |     309 |       0 |   0.0 |       6 |       0 |   0.0
            +---------+---------+-------+---------+---------+-------
